 Dungeon Crawl Stone Soup version 0.29.1-2-gbd0b4ee654 (webtiles) character file.

Game seed: 5632201169385539040

1188 xian the Cudgeller (level 8, -2/49 HPs)
             Began as a Gargoyle Fighter on Nov 25, 2022.
             Killed from afar by a steam dragon (6 damage)
             ... with a ball of steam
             ... on level 6 of the Dungeon.
             The game lasted 00:13:58 (4529 turns).

xian the Cudgeller (Gargoyle Fighter)               Turns: 4529, Time: 00:13:59

Health: -2/49      AC: 21    Str: 23    XL:     8   Next: 43%
Magic:  8/8        EV: 10    Int:  8    God:
Gold:   340        SH:  4    Dex:  9    Spells: 7/7 levels left

rFire   . . .      SeeInvis .   a - +3 flail (protect)
rCold   . . .      Faith    .   c - +0 buckler
rNeg    + . .      Spirit   .   b - +0 scale mail
rPois   ∞          Reflect  .   j - +0 helmet
rElec   +          Harm     .   (no cloak)
rCorr   .          Rampage  .   (no gloves)
Will    .....                   (no boots)
Stlth   ..........              (no amulet)
HPRegen 0.16/turn               (no ring)
MPRegen 0.11/turn               (no ring)

@: under a protective aura
A: sickness immunity, AC +5, negative energy resistance 1, electricity
resistance, torment resistance 1, petrification resistance
a: no special abilities


You were on level 6 of the Dungeon.
You visited 1 branch of the dungeon, and saw 6 of its levels.

You collected 340 gold pieces.

Inventory:

Hand Weapons
 a - a +3 flail of protection (weapon)
 r - a +3 sling
Missiles
 n - 5 poisoned darts (quivered)
 u - 2 javelins
Armour
 b - a +0 scale mail (worn)
 c - a +0 buckler (worn)
 j - a +0 helmet (worn)
Magical Staves
 o - a staff of fire
Wands
 s - a wand of iceblast (8)
Scrolls
 d - 2 scrolls of amnesia
 e - 7 scrolls of teleportation
 g - 2 scrolls of identify
 h - a scroll of butterflies
 l - a scroll of magic mapping
 m - a scroll of enchant armour
 q - a scroll of poison
Potions
 f - a potion of invisibility {unknown}
 i - a potion of resistance {unknown}
 k - a potion of haste {unknown}
 p - a potion of flight {unknown}
 t - a potion of curing


   Skills:
 + Level 5.3 Fighting
 + Level 6.6 Maces & Flails
 + Level 5.7 Armour
 + Level 2.6 Dodging
 + Level 2.0 Stealth
 + Level 4.2 Shields


You had 7 spell levels left.
You didn't know any spells.
Your spell library contained the following spells:

 Spells                   Type           Power      Damage    Failure   Level
 Freeze                   Ice            0%         1d3       80%         1
 Call Canine Familiar     Summ           0%         N/A       99%         3
 Frozen Ramparts          Ice            0%         1d1       99%         3
 Portal Projectile        Hex/Tloc       0%         N/A       99%         3
 Hailstorm                Conj/Ice       0%         3d3       100%        4
 Leda's Liquefaction      Hex/Erth       0%         N/A       100%        4
 Olgreb's Toxic Radiance  Pois           0%         N/A       100%        4
 Ozocubu's Refrigeration  Ice            0%         4d7       100%        7
 Ignition                 Fire           0%         3d3       100%        8


Dungeon Overview and Level Annotations

Branches:
Dungeon (6/15)
 Temple: D:4-7

Altars:
Cheibriados


Innate Abilities, Weirdness & Mutations

You are immune to sickness and miasma.
Your stone body is resilient. (AC +5)
You are immune to poison.
You resist negative energy. (rN+)
You are resistant to electric shocks. (rElec)
You are resistant to unholy torment.
You are immune to petrification.


Message History

The steam dragon is moderately wounded.
You are engulfed in a cloud of scalding steam.
The steam dragon bites you. The steam dragon claws you.
You hit the steam dragon.
Your weapon exudes an aura of protection.
The steam dragon is heavily wounded.
You block the steam dragon's attack. x2
You hit the steam dragon but do no damage.
The steam dragon is heavily wounded.
The steam dragon barely misses you. The steam dragon completely misses you.
A kobold comes into view. It is wielding a +0 dagger.
You sock the steam dragon!
The steam dragon is severely wounded.
The steam dragon bites you. The steam dragon barely misses you.
The steam dragon breathes steam at you. The ball of steam hits you!
* * * LOW HITPOINT WARNING * * *
You hear a shout!
You hit the steam dragon.
The steam dragon is almost dead.
You are engulfed in a cloud of scalding steam.
The steam dragon barely misses you. x2
You hit the steam dragon.
The steam dragon is almost dead.
You are engulfed in a cloud of scalding steam.
The steam dragon bites you but does no damage.
The steam dragon claws you but does no damage.
You hit the steam dragon.
The steam dragon is almost dead.
The steam dragon bites you but does no damage.
The steam dragon claws you but does no damage.
You closely miss the steam dragon.
The steam dragon is almost dead.
The steam dragon barely misses you.
The steam dragon claws you but does no damage.
You hit the steam dragon but do no damage.
The steam dragon is almost dead.
The steam dragon breathes steam at you. The ball of steam hits you.
You die...

#### #.##
........... ....
... ##.#....###
..... ..# #.#..#
....: ##.. #...##
.........# #...#
[.....#..# #...#
.!.....K.# #...#
#D# #...# # #@#
#...# #
#.#########...####
#.##..............
#.................
####..............
########...####
#...# # #...# #
#...#


You could see a steam dragon (catching breath) and a kobold.

Vanquished Creatures
  Sigmund (D:5)
  An ice beast (D:5)
  Pargi (D:3)
  2 phantoms (D:5)
  Blork the orc (D:5)
  4 scorpions
  An orc priest (D:6)
  A jelly (D:6)
  A hound (D:5)
  Natasha (D:3)
  Terence (D:3)
  2 orc wizards (D:5)
  An iguana (D:5)
  9 adders
  A shadow imp (D:5)
  A white imp (D:6)
  An ufetubus (D:6)
  A worm (D:2)
  3 dart slugs
  13 orcs
  2 endoplasms
  6 giant cockroaches
  3 goblins (D:2)
  4 hobgoblins
  8 jackals
  3 quokkas
  7 ball pythons
  6 bats
  3 kobolds
  5 rats
94 creatures vanquished.

Vanquished Creatures (others)
  An orc (D:5)
1 creature vanquished.

Grand Total: 95 creatures vanquished

Notes
Turn   | Place    | Note
-------+----------+-------------------------------------------
     0 | D:1      | xian the Gargoyle Fighter began the quest for the Orb.
     0 | D:1      | Reached XP level 1. HP: 14/14 MP: 1/1
   301 | D:1      | Reached XP level 2. HP: 19/19 MP: 2/2
   617 | D:1      | Found a faded altar of an unknown god.
  1010 | D:2      | Reached XP level 3. HP: 20/24 MP: 3/3
  1891 | D:3      | Reached XP level 4. HP: 29/29 MP: 4/4
  1989 | D:3      | Noticed Pargi
  2014 | D:3      | Reached skill level 3 in Maces & Flails
  2031 | D:3      | Killed Pargi
  2032 | D:3      | Reached skill level 1 in Dodging
  2032 | D:3      | Reached XP level 5. HP: 14/33 MP: 5/5
  2366 | D:3      | Noticed Terence
  2375 | D:3      | Killed Terence
  2478 | D:3      | Noticed Natasha
  2491 | D:3      | Killed Natasha
  2492 | D:3      | Reached XP level 6. HP: 35/39 MP: 6/6
  2631 | D:4      | Found a snail-covered altar of Cheibriados.
  2631 | D:4      | You fall into a shaft and drop 1 floor!
  2631 | D:5      | Entered Level 5 of the Dungeon
  2792 | D:5      | Reached skill level 4 in Maces & Flails
  2957 | D:5      | Noticed Sigmund
  2989 | D:5      | Killed Sigmund
  2990 | D:5      | Reached skill level 5 in Fighting
  2990 | D:5      | Reached skill level 1 in Stealth
  2990 | D:5      | Reached XP level 7. HP: 13/44 MP: 7/7
  3063 | D:5      | HP: 2/44 [shadow imp/nerve-wracking pain (7)]
  3071 | D:5      | Reached skill level 5 in Maces & Flails
  3217 | D:5      | Reached skill level 5 in Armour
  3383 | D:5      | Noticed Blork the orc
  3393 | D:5      | Killed Blork the orc
  3401 | D:5      | Reached XP level 8. HP: 41/49 MP: 8/8
  3577 | D:5      | Reached skill level 6 in Maces & Flails
  4529 | D:6      | Killed from afar by a steam dragon

Illustrated notes

Levels and vault maps discovered:
D:1:      heliophobic_arrival_enchanted_forest, layout_basic,
          hellmonk_ecumenical_altar_heavens_door, serial_rivers,
          chequers_serial_rivers_marsh, chequers_serial_rivers_micro_c,
          chequers_serial_rivers_small_b, chequers_serial_rivers_room_b,
          chequers_serial_rivers_micro_e, minmay_misc_feat_iff
D:2:      minmay_chambers_of_twos, layout_basic
D:3:      layout_rooms, uniq_pargi, uniq_terence, uniq_natasha
D:4:      layout_rooms, lemuel_crystal_altar, minmay_temple_entry_antechambers,
          dk_noncrumbling_2, minmay_tree_intersection, uniq_pikel
D:5:      layout_basic, uniq_blork_the_orc, uniq_sigmund
D:6:      layout_loops_cross

Skill      XL: |  1  2  3  4  5  6  7  8 |
---------------+-------------------------+-----
Fighting       | 4 5 |  5.3
Maces & Flails | 3 4 5 6 |  6.6
Armour         | 4 5 |  5.7
Dodging        | 1 2 |  2.6
Stealth        | 1 2 |  2.0
Shields        | 4 |  4.2

Action                   |  1- 3 |  4- 6 |  7- 9 || total
-------------------------+-------+-------+-------++-------
Melee: Flail             |   121 |   138 |   129 ||   388
  Use: Scroll            |     3 |     4 |     1 ||     8
       Potion            |       |     2 |     2 ||     4
Armor: Scale mail        |    87 |    91 |    74 ||   252
Dodge: Dodged            |    75 |   102 |    53 ||   230
Block: Buckler           |    29 |    35 |    30 ||    94
